 Seeded DCSS version 0.30.1-4-g462c640d31 (webtiles) character file.

Game seed: 6351066067085065685 (custom seed)

268 Esekla the Grave Robber (level 6, -6/32 HPs)
             Began as a Deep Elf Necromancer on Aug 29, 2023.
             Was a Follower of Vehumet.
             Mangled by a gnoll bouda
             ... wielding a +0 club
              (12 damage)
             ... on level 4 of the Dungeon.
             The game lasted 00:17:38 (3080 turns).

Esekla the Grave Robber (Deep Elf Necromancer)      Turns: 3080, Time: 00:17:39

Health: -6/32      AC:  4    Str:  5    XL:     6   Next: 1%
Magic:  2/14       EV: 13    Int: 22    God:    Vehumet [*.....]
Gold:   195        SH:  0    Dex: 15    Spells: 8/13 levels left

rFire   . . .        a - +1 short sword (freeze)
rCold   . . .        (no shield)
rNeg    . . .        m - +0 robe
rPois   .            j - +0 helmet
rElec   .            (no cloak)
rCorr   .            l - +0 pair of gloves
SInv    .            (no boots)
Will    .....        (no amulet)
Stlth   ++           (no ring)
HPRegen 0.25/turn    (no ring)
MPRegen 0.14/turn

%: no passive effects
@: weakened, very slightly contaminated
A: no striking features
a: Renounce Religion


You were on level 4 of the Dungeon.
You worshipped Vehumet.
Vehumet was aware of your devotion.
You visited 1 branch of the dungeon, and saw 4 of its levels.

You collected 195 gold pieces.

Inventory:

Hand Weapons
 a - a +1 short sword of freezing (weapon)
 r - a +0 trident
 s - the +5 rapier of the Hero {heavy, rN+ Dex+3}
   (You found it on level 3 of the Dungeon)

   Dex:       It affects your dexterity (+3).
   rN:        It protects you from negative energy.
Missiles
 u - 6 poisoned darts (quivered)
Armour
 j - a +0 helmet (worn)
 l - a +0 pair of gloves (worn)
 m - a +0 robe (worn)
Wands
 n - a wand of roots (7)
Scrolls
 f - 3 scrolls of identify {unknown}
 h - a scroll of enchant armour {unknown}
 o - a scroll of blinking {unknown}
 p - a scroll of amnesia {unknown}
 w - 2 scrolls of enchant weapon {unknown}
 x - a scroll of summoning {unknown}
Potions
 b - a potion of magic
 c - a potion of haste {unknown}
 d - a potion of ambrosia {unknown}
 e - 2 potions of attraction {unknown}
 g - a potion of heal wounds {unknown}
 i - a potion of curing
 k - a potion of mutation {unknown}
 v - 2 potions of brilliance {unknown}


   Skills:
 + Level 1.6 Short Blades
 + Level 0.2 Throwing
 * Level 4.3 Dodging
 + Level 3.6 Stealth
 * Level 4.3 Spellcasting
 * Level 1.3 Conjurations
 * Level 6.1 Necromancy


You had 8 spell levels left.
You knew the following spells:

 Your Spells              Type           Power      Damage    Failure   Level
a - Magic Dart            Conj           40%        1d5       6%          1
b - Necrotise             Necr           100%       1d9       1%          1
d - Vampiric Draining     Necr           31%        2d8       2%          3

Your spell library contained the following spells:

 Spells                   Type           Power      Damage    Failure   Level
 Animate Dead             Necr           31%        N/A       9%          4
 Lesser Beckoning         Tloc           8%         N/A       17%         2
 Agony                    Necr           31%        N/A       24%         5
 Gell's Gravitas          Tloc           4%         N/A       32%         3
 Teleport Other           Tloc           4%         N/A       32%         3


Dungeon Overview and Level Annotations

Branches:
Dungeon (4/15)
 Temple: D:4-7

Altars:
Hepliaklqana
Okawaru
Qazlal
Trog
Vehumet
Zin
The Shining One

Shops:
D:2 =   D:4 (


Message History

The gnoll misses you.
Casting: Vampiric Draining (dangerous; 2% risk of failure)
Confirm with . or Enter, or press ? or * to list all spells.
Aiming: Vampiric Draining (dangerous; 2% risk of failure)
Press: ? - help, Shift-Dir - straight line, f/p - gnoll bouda
Aim: a gnoll bouda, wielding a +0 club and wearing a +0 leather armour (heavily wounded)
You draw life force from the gnoll bouda.
You feel life coursing into your body. The gnoll hits you with a +0 club.
The gnoll bouda gazes fiercely through you!
You feel your attacks grow feeble.
The gnoll bouda drinks a potion.
The gnoll bouda is healed!
The gnoll hits you from afar with a +0 spear.
Casting: Vampiric Draining (dangerous; 2% risk of failure)
Confirm with . or Enter, or press ? or * to list all spells.
Aiming: Vampiric Draining (dangerous; 2% risk of failure)
Press: ? - help, Shift-Dir - straight line, f/p - gnoll bouda
Aim: a gnoll bouda, wielding a +0 club and wearing a +0 leather armour (moderately wounded)
You draw life force from the gnoll bouda!
You feel life coursing into your body. The gnoll barely misses you.
The gnoll bouda closely misses you. The gnoll barely misses you.
Casting: Vampiric Draining (dangerous; 2% risk of failure)
Confirm with . or Enter, or press ? or * to list all spells.
Okay, then.
As you read the scroll labelled MANIROASHRE, it crumbles to dust.
The scroll dissolves into smoke.
It was a scroll of fog.
The gnoll hits you with a +0 club.
The gnoll bouda hits you but does no damage.
The gnoll hits you from afar with a +0 spear.
As you read the scroll labelled QUTAMUDAXU, it crumbles to dust.
The creatures around you are filled with an inner flame!
It was a scroll of immolation.
The gnoll hits you with a +0 club.
* * * LOW HITPOINT WARNING * * *
The gnoll bouda hits you with a +0 club!
* * * LOW HITPOINT WARNING * * *
The gnoll barely misses you.
You feel better. The gnoll barely misses you.
The gnoll hits you with a +0 club.
* * * LOW HITPOINT WARNING * * *
The gnoll bouda hits you with a +0 club!
You die...

#.................+.......######
#................##............#
#................).............#
+..............................#
#........................#######
#............................#
#..............#gg§..........#
#......g.<.....#g§§..........#
#......g......##@g§.......#+##
#..g..go.......#§§§.......#.#
..........####.#§§§.........#
..........#....#............#
##.............#...........##
.......................>...#
#...............######.....#
#...............### #.....#
..................####.....#


You could see a gnoll bouda (inner flame) and 3 gnolls.

Vanquished Creatures
  A black bear (D:2)
  A hound (D:3)
  An iguana (D:2)
  2 gnolls (D:4)
  4 adders
  A worm (D:4)
  3 dart slugs
  6 orcs
  4 endoplasms
  8 goblins
  5 hobgoblins
  A quokka (D:1)
  6 ball pythons
  4 bats
  4 frilled lizards
  5 kobolds
  A rat (D:2)
57 creatures vanquished.

Notes
Turn   | Place    | Note
-------+----------+-------------------------------------------
     0 | D:1      | Esekla the Deep Elf Necromancer began the quest for the
                  | Orb.
     0 | D:1      | Reached XP level 1. HP: 10/10 MP: 6/6
   173 | D:2      | You fall into a shaft and drop 1 floor!
   258 | D:4      | Found a radiant altar of Vehumet.
   269 | D:4      | Found an iron altar of Okawaru.
   280 | D:4      | Found a glowing silver altar of Zin.
   360 | D:4      | Became a worshipper of Vehumet
   613 | D:3      | Reached skill level 5 in Necromancy
   683 | D:2      | Reached XP level 2. HP: 10/15 MP: 8/8
   738 | D:2      | Found Renulab's Jewellery Shop.
  1091 | D:3      | Identified the +5 rapier of the Hero {heavy, rN+ Dex+3}
  1295 | D:1      | Reached XP level 3. HP: 14/19 MP: 9/9
  1304 | D:1      | Learned a level 3 spell: Vampiric Draining
  1482 | D:1      | Reached * piety under Vehumet
  1482 | D:1      | Offered knowledge of Magic Dart by Vehumet.
  1485 | D:1      | Learned a level 1 spell: Magic Dart
  1811 | D:2      | Noticed a black bear
  1896 | D:2      | Found a faded altar of an unknown god.
  1925 | D:2      | Reached skill level 1 in Short Blades
  1925 | D:2      | Reached XP level 4. HP: 18/24 MP: 8/11
  2118 | D:2      | Killed a black bear
  2119 | D:2      | Reached skill level 1 in Conjurations
  2119 | D:2      | Reached XP level 5. HP: 23/28 MP: 8/13
  2415 | D:3      | Found a stormy altar of Qazlal.
  2431 | D:3      | Found a hazy altar of Hepliaklqana.
  2431 | D:3      | Found a bloodstained altar of Trog.
  2568 | D:4      | Found Ponaysk's Antique Weapon Boutique.
  2707 | D:4      | Found a glowing golden altar of the Shining One.
  2726 | D:4      | Reached skill level 6 in Necromancy
  2825 | D:4      | Reached XP level 6. HP: 29/32 MP: 11/14
  3080 | D:4      | Mangled by a gnoll bouda

Illustrated notes

Levels and vault maps discovered:
D:1:      sevenhm_arrival_forest_fort_small_3, layout_rooms,
          chequers_serial_rivers_room_b, minmay_misc_feat_five
D:2:      layout_loops_ring, dreamdust_ecumenical_altar_angels_and_demons,
          serial_shops, shop
D:3:      layout_basic, grunt_temple_overflow_open, minmay_misc_feat_iff
D:4:      layout_basic, nicolae_overflow_quartered_altars, serial_shops,
          nicolae_diamond_shop

Skill      XL: |  1  2  3  4  5 |
---------------+----------------+-----
Necromancy     | 5 6 |  6.1
Stealth        | 3 |  3.6
Dodging        | 3 4 |  4.3
Short Blades   | 1 |  1.6
Spellcasting   | 4 |  4.3
Conjurations   | 1 |  1.3
Throwing       | |  0.2

Action                     |  1- 3 |  4- 6 || total
---------------------------+-------+-------++-------
  Melee: Short sword       |    97 |    62 ||   159
         Unarmed           |     9 |       ||     9
         Punch             |     1 |     1 ||     2
  Throw: Dart              |     2 |    10 ||    12
   Cast: Magic Dart        |     7 |       ||     7
         Vampiric Draining |     3 |    11 ||    14
  Evoke: Wand              |       |     1 ||     1
    Use: Scroll            |     1 |     2 ||     3
         Potion            |       |     1 ||     1
   Stab: Sleeping          |     3 |       ||     3
 Armour: Robe              |    43 |    13 ||    56
  Dodge: Dodged            |    70 |    46 ||   116
